 Dungeon Crawl Stone Soup version 0.24-a0-278-gefa1973 (webtiles) character file.

Game seed: 4579085036295395718

765346 Lanoc the Slayer (level 27, -10/151 HPs)
             Began as a Vine Stalker Berserker on Apr 29, 2019.
             Was the Champion of Trog.
             Killed by divine providence
             ... invoked by a smoke demon
              (11 damage)
             ... on level 5 of the Realm of Zot on Apr 30, 2019.
             The game lasted 04:23:04 (54338 turns).

Lanoc the Slayer (Vine Stalker Berserker)          Turns: 54338, Time: 04:23:05

Health: -10/151    AC: 51    Str: 21    XL:     27
Magic:  0/33       EV: 22    Int:  7    God:    Trog [******]
Gold:   3783       SH:  0    Dex: 26    Spells: 26/26 levels left

rFire    + + +     SeeInvis +   D - +3 great sword (vamp)
rCold    + + +     Gourm    .   (shield currently unavailable)
rNeg     + . .     Faith    .   Q - +11 gold dragon scales
rPois    +         Spirit   +   l - +2 helmet of Bedevilment {rElec rF+ rC+ MR+}
rElec    +         Reflect  .   O - +2 cloak "Nisip" {+Inv rF+}
rCorr    .         Harm     .   A - +2 pair of gloves
MR       +++++     Rnd*Rage +   C - +2 pair of boots {run}
Stlth    ..........             X - amulet of Coguheod {*Contam rN+ MR+ Regen+ SInv}
HPRegen  2.55/turn              J - ring of the Nine Demons {+Inv +Fly rC++ Stlth+}
MPRegen  0.23/turn              h - ring "Kyshrel" {rF+ MP+9 Stlth+}

@: regenerating, hasted, studying Throwing, very quick
A: fangs 3, repulsion field 1, agile 1, berserk 1, blink, blurry vision 1, fire
resistance 1, frail 1, mutation resistance 1, regeneration 2, screaming 2, weak
1, magic shield, antimagic bite, no potion heal 3, rot immunity, subdued magic 3
0: Orb of Zot
}: 4/15 runes: decaying, serpentine, slimy, silver
a: Blink, Berserk, Trog's Hand, Brothers in Arms, Renounce Religion, Evoke
Invisibility, Evoke Flight


You were on level 5 of the Realm of Zot.
You worshipped Trog.
Trog was exalted by your worship.
You were hungry.

You visited 11 branches of the dungeon, and saw 55 of its levels.
You visited the Abyss 2 times.
You visited 2 bazaars.
You visited 1 ziggurat, and saw 8 of its levels.
You also visited: Trove and Gauntlet.

You collected 10671 gold pieces.
You spent 6888 gold pieces at shops.

Inventory:

Hand Weapons
 b - the +9 triple sword of Inflation {drain, +Blink Str+5}
   (Trog gifted it to you on level 2 of the Elven Halls)

   A truly terrible weapon, it drains the life of those it strikes.
   It affects your strength (+5).
   It lets you blink.
 D - a +3 vampiric great sword (weapon)
 E - the +7 sceptre of Torment {pain, torment}
   (You found it on level 5 of the Vaults)

   In the hands of one skilled in necromantic magic, it inflicts extra damage on
   living creatures.
 P - the +10 double sword of Ushrij {holy, Str+5}
   (Trog gifted it to you on level 3 of the Depths)

   It has been blessed by the Shining One to cause great damage to the undead
   and demons.
   It affects your strength (+5).
Missiles
 u - 3 throwing nets (quivered)
Armour
 l - the +2 helmet of Bedevilment (worn) {rElec rF+ rC+ MR+}
   (You found it on level 5 of the Pits of Slime)

   It protects you from fire.
   It protects you from cold.
   It insulates you from electricity.
   It affects your resistance to hostile enchantments.
 y - the -2 hat of the Alchemist {rElec rPois rF+ rC+ rN+ MR+ rMut rCorr}
   (You found it on level 5 of the Pits of Slime)

   It protects you from fire.
   It protects you from cold.
   It insulates you from electricity.
   It protects you from poison.
   It protects you from negative energy.
   It affects your resistance to hostile enchantments.
   It provides partial protection from all sources of acid and corrosion.
   It protects you from mutation.
 A - a +2 pair of gloves (worn)
 C - a +2 pair of boots of running (worn)
 M - the +3 faerie dragon scales {-Tele rC+++ rN+++ rCorr Dex-3}
   (You took it off the Enchantress on level 4 of the Depths)

   It affects your dexterity (-3).
   It renders you almost immune to cold.
   It renders you almost immune to negative energy.
   It prevents most forms of teleportation.
   It provides partial protection from all sources of acid and corrosion.
 O - the +2 cloak "Nisip" (worn) {+Inv rF+}
   (You found it on level 5 of the Lair of Beasts)

   It protects you from fire.
   It lets you turn invisible.
 Q - +11 gold dragon scales (worn)
Jewellery
 h - the ring "Kyshrel" (right hand) {rF+ MP+9 Stlth+}
   (You found it in a treasure trove)

   [ring of magical power]

   It protects you from fire.
   It affects your magic capacity (+9).
   It makes you more stealthy.
 J - the ring of the Nine Demons (left hand) {+Inv +Fly rC++ Stlth+}
   (You found it in a Gauntlet)

   [ring of flight]

   It greatly protects you from cold.
   It lets you turn invisible.
   It lets you fly.
   It makes you more stealthy.
 K - the amulet "Damnable Contraption" {Faith rF++ MR+ Str+4}
   (You found it on level 3 of the Depths)

   [amulet of faith]

   It allows you to gain divine favour quickly.
   It affects your strength (+4).
   It greatly protects you from fire.
   It affects your resistance to hostile enchantments.
 X - the amulet of Coguheod (around neck) {*Contam rN+ MR+ Regen+ SInv}
   (You found it on level 4 of the Lair of Beasts)

   [amulet of regeneration]

   It protects you from negative energy.
   It affects your resistance to hostile enchantments.
   It lets you see invisible.
   It causes magical contamination when unequipped.
   It increases your rate of regeneration.
Wands
 f - a wand of random effects (15)
 g - a wand of acid (37)
 j - a wand of digging (10)
 T - a wand of clouds (3)
Scrolls
 i - 11 scrolls of identify
 o - 8 scrolls of fear
 q - 10 scrolls of fog
 r - a scroll of silence
 t - 31 scrolls of remove curse
 x - 9 scrolls of immolation
 z - 2 scrolls of blinking
 G - 4 scrolls of holy word
 L - 8 scrolls of magic mapping
 Y - 25 scrolls of teleportation
Potions
 a - 5 potions of flight
 d - a potion of cancellation
 e - 4 potions of brilliance
 k - a potion of ambrosia
 m - 4 potions of magic
 n - 16 potions of curing
 p - 5 potions of invisibility
 s - 12 potions of lignification
 w - 4 potions of agility
 B - 5 potions of haste
 H - 5 potions of mutation
 I - 5 potions of might
 S - 4 potions of resistance
 V - a potion of berserk rage
Books
 v - a manual of Throwing
Miscellaneous
 F - 6 phantom mirrors
 R - a sack of spiders
 W - a lightning rod (4/4)
 Z - 5 boxes of beasts
Comestibles
 c - 65 rations


   Skills:
 + Level 24.4 Fighting
 - Level 24.0 Long Blades
 + Level 22.7 Armour
 + Level 22.7 Dodging
   Level 4.0 Shields


You had 26 spell levels left.
You didn't know any spells.
Your spell library was empty.

Dungeon Overview and Level Annotations

Branches:
Dungeon (15/15)            Temple (1/1) D:6            Lair (6/6) D:11
  Swamp (4/4) Lair:3        Snake (4/4) Lair:3        Slime (5/5) Lair:6
    Orc (2/2) D:10            Elf (3/3) Orc:2        Vaults (5/5) D:13
  Crypt (0/3) Vaults:2     Depths (5/5) D:15            Zot (5/5) Depths:5

Altars:
Ashenzari
Gozag
Nemelex Xobeh
Okawaru
Qazlal
Ru
Sif Muna
Trog
Uskayaw
Vehumet
Yredelemnul
Zin
The Shining One
Beogh
Jiyva

Shops:
D:5 ?   D:8 *   D:9 [   Orc:2 ==(   Elf:1 =}=   Elf:3 [??   Vaults:3 =
Vaults:4 =   Depths:1 [   Depths:3 %![*   Depths:5 %?*[(

Portals:
Hell: Depths:1 Depths:2 Depths:3 Depths:4 Depths:5
Abyss: Depths:4
Pandemonium: Depths:2 Depths:3

Annotations:
D:10 trove +3 storm scales
D:13 2 transporters, Laiders72's ghost, journeyman DDFi


Innate Abilities, Weirdness & Mutations

You have razor-sharp teeth.
You heal very quickly.
When hurt, damage is shared between your health and your magic reserves.
Your bite disrupts and absorbs the magic of your enemies.
Potions cannot restore your health.
You are immune to rotting.
You are surrounded by a mild repulsion field. (EV +2)
You are agile. (Dex +2)
You tend to lose your temper in combat.
You can translocate small distances at will.
Scrolls take you a little longer to read.
Your flesh is heat resistant. (rF+)
You are frail. (-10% HP)
You are somewhat resistant to further mutation.
You sometimes yell uncontrollably at your foes.
You are weak. (Str -2)
Your spells are much easier to cast, but much less powerful.


Message History

The tormentor calls on the powers of darkness!
The daeva convulses!
Your body is wracked with pain!
* * * LOW HITPOINT WARNING * * *
The daeva calls down the wrath of the Shining One upon you.
The Shining One smites you!
* * * LOW HITPOINT WARNING * * *
The hellwing closely misses you.
The hellwing hits you but does no damage.
Your skin crawls.
You feel resistant to hostile enchantments.
You are feeling hungry.
The ancient lich gestures wildly while chanting.
The ancient lich flickers and vanishes for a moment.
The daeva calls down the wrath of the Shining One upon you.
The Shining One smites you!
* * * LOW HITPOINT WARNING * * *
The hellwing misses you. The hellwing barely misses you.
The smoke demon gestures at you. Something smites you!
You die...

...##
###....#......).).###.....
<.##
##....#.#..###.......##....
.##
##..##.#.##.###.##[)...#....
.#
##..####...#.##.####.)...#)..
.# #..##
#.##.#....####....##.. ##
##.## #######.....###....##..
# #..#
##...##!..##..###⌠..##.# ##
#.## #.....#....##.# #...##.#
.###.# #......@.(.##.#
#...##.# ..##.#
#......4...#..# #..##..#
###▓▓▓ ########h########
▓▓▓##### ..##
#....(.322......# ##....
...## ##.....44......##
##^.... ....##
#....L.2......# ##......
...^.# ##...1A.....)##
#....... .....# #...........#
#./...^. .....#
##...........## #.......


You could see a daeva, an ancient lich (invisible), a Tzitzimitl, a hell beast,
a hell hog, 3 hellwings, a smoke demon and a tormentor.

Vanquished Creatures
  Dissolution (Slime:3)
  7 orbs of fire
  Mara (Depths:2)
  5 ancient liches
  A shard shrike (Zot:4)
  Boris (Depths:3)
  Bai Suzhen (Swamp:3)
  Margery (Vaults:2)
  Saint Roka (Depths:4)
  4 Killer Klowns (Zot:5)
  Vashnia (Snake:4)
  A caustic shrike (Depths:2)
  The ghost of Axiujuom the Acrobat, a master SpCK of Xom (Zot:3)
  4 curse toes (Zot:5)
  16 golden dragons
  Jory (Vaults:4)
  the Enchantress (Depths:4)
  A profane servitor (Abyss:3)
  2 bone dragons (Abyss:3)
  2 hellephants (Abyss:3)
  3 electric golems
  19 tentacled monstrosities
  4 liches
  25 Orb Guardians (Zot:5)
  25 acid blobs
  2 deep elf blademasters
  A deep elf master archer (Elf:3)
  5 quicksilver dragons
  Asterion (Vaults:2)
  An Executioner (Abyss:3)
  The ghost of Hylith the Victor of a Thousand Battles, an adept GnNe of Okawaru (Snake:4)
  8 titans
  A kraken (Abyss:3)
  An ancient champion (Depths:1)
  13 tentacled starspawn (Abyss:3)
  Kirke (D:15)
  4 sphinxes
  4 death cobs
  Gastronok (D:11)
  7 shadow dragons
  2 thorn hunters
  6 draconian monks
  8 storm dragons
  A revenant (Abyss:3)
  8 tengu reavers
  13 azure jellies
  12 nagarajas
  7 fire giants
  A ghost moth (Zot:4)
  The ghost of Byodd the Demonic Aeon, an adept DsIE of Cheibriados (Elf:2)
  Donald (Vaults:1)
  3 draconian knights
  5 draconian scorchers
  A frost giant (shapeshifter) (Zig:7)
  2 balrugs (Abyss:3)
  A fire giant (shapeshifter) (Zig:7)
  14 frost giants
  21 vault wardens
  Aizul (Snake:2)
  15 deep elf sorcerers
  An iron dragon (Vaults:5)
  4 draconian stormcallers
  Louise (Snake:2)
  4 draconian shifters
  3 cacodemons (Abyss:3)
  5 spriggan defenders
  16 ironheart preservers
  3 draconian annihilators
  2 orc warlords (Depths:3)
  6 deep elf elementalists
  21 stone giants
  48 very ugly things
  3 entropy weavers
  4 green draconians
  A vampire knight (Depths:5)
  3 deep elf demonologists
  A minotaur (Gauntlet)
  10 red draconians
  16 white draconians
  11 black draconians
  10 deep elf annihilators
  9 yellow draconians
  7 spark wasps
  2 lorocyprocas (Abyss:3)
  9 purple draconians
  3 mummy priests
  Snorg (D:10)
  5 green deaths
  21 ettins
  A fire dragon (shapeshifter) (Elf:3)
  3 deep elf death magi (Elf:3)
  13 fire dragons
  13 death oozes
  Josephine (Lair:4)
  14 ogre magi
  7 deep elf high priests
  19 yaktaur captains
  11 ice dragons
  18 great orbs of eyes
  A ghost crab (Swamp:2)
  4 shambling mangroves
  8 rakshasas
  43 vault guards
  Harold (D:7)
  5 spriggan air magi
  15 naga warriors
  A catoblepas (shapeshifter) (Elf:3)
  2 hell beasts
  21 hydras
  A two-headed ogre (shapeshifter) (Vaults:5)
  A death yak (shapeshifter) (Vaults:5)
  An alligator snapping turtle (shapeshifter) (Zig:7)
  30 dancing weapons
  12 centaur warriors
  5 death knights
  3 orc high priests
  42 two-headed ogres
  6 death yaks
  11 anacondas
  5 deep troll earth magi
  2 death scarabs
  A titan zombie (Vaults:5)
  14 alligators
  6 spriggan berserkers
  4 deep troll shamans
  2 tengu warriors (Depths:2)
  4 hell hogs
  25 thrashing horrors (Abyss:3)
  3 vampire magi (Depths:3)
  9 shock serpents
  19 naga sharpshooters
  Urug (Lair:1)
  19 deep elf knights
  Sonja (Lair:3)
  A soul eater (Depths:3)
  4 sun demons
  14 wretched stars (Abyss:3)
  4 iron trolls
  3 salamander mystics
  A storm dragon skeleton (Vaults:2)
  18 hell knights
  2 shadow wraiths
  11 skeletal warriors
  4 unseen horrors
  5 sixfirhies (Abyss:3)
  6 spatial maelstroms (Abyss:3)
  3 spriggan druids
  An unseen horror (shapeshifter) (Vaults:4)
  6 glowing orange brains
  6 wizards
  25 deep trolls
  A shadow dragon zombie (Depths:2)
  3 phantasmal warriors
  7 naga ritualists
  25 deep elf archers
  A shadow demon (Depths:3)
  3 flayed ghosts
  5 harpies (Elf:2)
  38 starcursed masses (Abyss:3)
  20 orc knights
  An obsidian statue (Zot:5)
  A golden dragon skeleton (Depths:2)
  4 lindwurms (Lair:3)
  6 swamp dragons
  10 ironbrand convokers
  15 necromancers
  2 wolf spider zombies (Abyss:3)
  7 shining eyes
  2 frost giant zombies
  7 cyclopes
  A shadow dragon skeleton (Zig:6)
  An iron dragon zombie (Depths:2)
  7 mana vipers
  4 wolf spiders
  66 ugly things
  5 worldbinders (Abyss:3)
  3 tengu skeletons
  2 sphinx zombies
  66 deep elf magi
  4 orc sorcerers
  3 manticores
  114 slime creatures
  A fire giant zombie (Zig:6)
  A cyclops (shapeshifter) (Vaults:5)
  23 moths of wrath
  16 salamanders
  Joseph (D:8)
  A moth of wrath (shapeshifter) (Abyss:3)
  3 rust devils
  2 apocalypse crabs (Abyss:3)
  2 guardian serpents (shapeshifter)
  A stone giant skeleton (Vaults:2)
  41 black mambas
  4 fire giant skeletons
  2 frost giant skeletons
  7 elephants
  A torpor snail (Zig:1)
  4 guardian serpents
  6 orange demons
  Maurice (D:10)
  25 naga magi
  7 gargoyles
  17 vault sentinels
  12 smoke demons
  2 hellions (Abyss:3)
  6 eyes of devastation
  3 yaktaurs (shapeshifter)
  14 spiny frogs
  A komodo dragon (shapeshifter) (Vaults:2)
  An elf (Depths:3)
  83 yaktaurs
  A kobold demonologist (Abyss:3)
  A rime drake (Lair:2)
  2 tormentors (Abyss:3)
  8 freezing wraiths
  2 hellwings
  A rime drake (shapeshifter) (Vaults:1)
  9 ancient zymes (Abyss:3)
  4 tengu conjurers
  5 efreet
  2 yaktaur skeletons
  14 komodo dragons
  2 ice devils
  2 guardian mummies
  3 jumping spiders
  5 trolls
  8 red devils
  11 polar bears
  2 wolf spider simulacra
  13 tyrant leeches
  A dream sheep (shapeshifter) (D:15)
  A sphinx simulacrum (Vaults:2)
  21 hornets
  A jumping spider (shapeshifter) (Abyss:3)
  9 blink frogs
  An iron dragon simulacrum (Depths:2)
  10 bog bodies
  15 hippogriffs
  A raiju (shapeshifter) (D:15)
  30 raiju
  2 ettin zombies
  A frost giant simulacrum (Vaults:3)
  2 centaur simulacra (D:15)
  3 air elementals
  28 flying skulls
  3 ettin skeletons
  13 spriggans
  50 large abominations
  3 tarantellas
  A tarantella (shapeshifter) (Vaults:2)
  3 water elementals
  An ushabti (Zig:2)
  6 shadows
  A vampire (Depths:3)
  7 redbacks
  2 spriggans (shapeshifter)
  A hog (D:15)
  A wyvern (shapeshifter) (Depths:2)
  38 yaks
  9 wraiths
  12 wyverns
  6 ynoxinuls (Abyss:3)
  Eustachio (D:4)
  5 basilisks
  5 fire bats (Abyss:3)
  39 small abominations
  A fire elemental (Elf:2)
  Grum (D:8)
  2 humans
  12 golden eyes
  A hog (shapeshifter) (D:15)
  2 hungry ghosts
  7 chaos spawn
  4 neqoxecs (Abyss:3)
  A human (shapeshifter) (Vaults:1)
  14 vampire mosquitoes
  3 yaktaur simulacra
  54 nagas
  A steam dragon (Lair:4)
  20 swamp worms
  14 insubstantial wisps
  2 human simulacra
  A soldier ant (shapeshifter) (Vaults:1)
  An acid dragon (shapeshifter) (Abyss:3)
  A soldier ant (D:13)
  3 spatial vortices (Abyss:3)
  14 wargs
  2 hydra simulacra (Zot:4)
  2 acid dragons
  18 hell hounds
  2 floating eyes
  22 water moccasins
  53 orc warriors
  9 ice beasts
  A swamp drake (Swamp:3)
  11 porcupines
  An ettin simulacrum (Depths:1)
  8 eyes of draining
  14 black bears
  2 sky beasts
  An elf simulacrum (Depths:2)
  64 ogres
  A phantom (D:6)
  47 wolves
  An eye of draining (shapeshifter) (D:15)
  10 boggarts
  24 centaurs
  16 crocodiles
  2 elf skeletons
  Blork the orc (D:4)
  2 big kobolds
  14 bullfrogs
  2 earth elementals (Elf:1)
  A gnoll sergeant (D:8)
  3 human skeletons
  2 spectral wargs (Depths:3)
  3 scorpions
  2 wyvern skeletons
  A water moccasin skeleton (D:5)
  2 spriggan skeletons
  4 wights (D:15)
  2 howler monkeys
  2 electric eels (D:15)
  12 crimson imps
  2 centaur zombies
  2 quasits (Abyss:3)
  2 bullfrog zombies
  8 hounds
  18 orc priests
  3 jellies (Abyss:3)
  A bullfrog skeleton (D:8)
  A gnoll shaman (D:9)
  7 iron imps (Abyss:3)
  18 orc wizards
  7 centaur skeletons
  Crazy Yiuf (D:7)
  Natasha (thrice) (D:4)
  4 iguanas
  12 worker ants
  A hound skeleton (D:7)
  5 mummies
  Robin (D:4)
  17 gnolls
  11 adders
  3 shadow imps
  8 white imps
  10 ufetubi
  An adder zombie (D:7)
  2 adder skeletons
  3 worms
  2 dart slugs (D:1)
  4 leopard geckos
  116 orcs
  3 giant cockroaches
  11 hobgoblins
  7 jackals
  4 quokkas
  6 bats
  7 frilled lizards
  13 goblins
  23 kobolds
  A leopard gecko skeleton (D:4)
  A quokka zombie (D:5)
  A briar patch (Swamp:1)
  3 plants
  5 starspawn tentacles (Abyss:3)
  A tentacle (Abyss:3)
3107 creatures vanquished.

Vanquished Creatures (collateral kills)
  the Royal Jelly (Slime:5)
  A titan (Depths:2)
  An azure jelly (Slime:5)
  A frost giant (Depths:2)
  A deep elf high priest (Elf:3)
  A deep troll earth mage (Depths:2)
  A deep troll shaman (Depths:2)
  A slime creature (Slime:5)
  An ice beast (shapeshifter) (Depths:2)
9 creatures vanquished.

Vanquished Creatures (others)
  Nessos (D:15)
  A rakshasa (Abyss:3)
  2 deep elf knights
  A sixfirhy (Abyss:3)
  2 deep elf magi
  A worldbinder (Abyss:3)
  A freezing wraith (Abyss:3)
  An ancient zyme (Abyss:3)
  A blink frog (Abyss:3)
  A slime creature (Slime:2)
  4 raiju (Abyss:3)
  A ynoxinul (Abyss:3)
  2 humans (D:15)
  A neqoxec (Abyss:3)
  A golden eye (Abyss:3)
  5 spatial vortices (Abyss:3)
  A naga (Snake:4)
  2 insubstantial wisps (Abyss:3)
  A large abomination (Abyss:3)
  An ogre (Depths:3)
  3 centaurs
  A crimson imp (Abyss:2)
  An orc priest (Vaults:5)
  6 small abominations (Abyss:3)
  A gnoll (Orc:1)
  A white imp (D:15)
  An ufetubus (Abyss:3)
  An orc (Vaults:5)
  4 briar patches
  14 fungi
  29 plants
  29 starspawn tentacles (Abyss:3)
  4 tentacles (Abyss:3)
126 creatures vanquished.

Grand Total: 3242 creatures vanquished

Notes
Turn   | Place    | Note
-------+----------+-------------------------------------------
     0 | D:1      | Lanoc the Vine Stalker Berserker began the quest for the
                  | Orb.
     0 | D:1      | Reached XP level 1. HP: 11/11 MP: 2/2
    89 | D:1      | Reached XP level 2. HP: 3/16 MP: 1/3
   443 | D:2      | Found an iron altar of Okawaru.
   449 | D:2      | Reached XP level 3. HP: 16/19 MP: 4/4
   705 | D:2      | Reached ** piety under Trog
   743 | D:2      | Found a hide-covered altar of Uskayaw.
   743 | D:2      | Noticed a +0 dagger
   744 | D:2      | Noticed a +0 hand axe
  1191 | D:3      | Gained mutation: Your natural rate of healing is unusually
                  | fast. [Vine Stalker growth]
  1191 | D:3      | Reached XP level 4. HP: 24/24 MP: 3/5
  1459 | D:3      | Found an opulent altar of Gozag.
  1661 | D:3      | Reached XP level 5. HP: 25/28 MP: 6/6
  1967 | D:4      | Reached *** piety under Trog
  1972 | D:4      | Reached XP level 6. HP: 30/32 MP: 5/7
  2033 | D:4      | Noticed Natasha
  2044 | D:4      | Killed Natasha
  2127 | D:4      | Noticed Eustachio
  2137 | D:4      | Killed Eustachio
  2137 | D:4      | Reached skill level 5 in Long Blades
  2137 | D:4      | Reached XP level 7. HP: 37/37 MP: 8/8
  2206 | D:4      | Noticed Robin
  2238 | D:4      | Killed Robin
  2345 | D:4      | Noticed Blork the orc
  2359 | D:4      | Killed Blork the orc
  2367 | D:4      | Noticed Natasha
  2377 | D:4      | Killed Natasha
  2542 | D:4      | Noticed Natasha
  2559 | D:4      | Killed Natasha
  2791 | D:4      | Reached **** piety under Trog
  2825 | D:5      | Entered Level 5 of the Dungeon
  2833 | D:5      | Found Nyuvig's Magic Scroll Boutique.
  2845 | D:5      | Bought a scroll of fog for 22 gold pieces
  2866 | D:5      | Gained mutation: You have razor-sharp teeth. [Vine Stalker
                  | growth]
  2866 | D:5      | Reached XP level 8. HP: 40/42 MP: 9/9
  3158 | D:5      | Reached skill level 5 in Fighting
  3498 | D:6      | Reached XP level 9. HP: 42/47 MP: 10/10
  3596 | D:6      | Found a staircase to the Ecumenical Temple.
  3621 | Temple   | Entered the Ecumenical Temple
  3772 | D:6      | Found a glowing golden altar of the Shining One.
  4051 | D:7      | Noticed Harold
  4065 | D:7      | Killed Harold
  4065 | D:7      | Reached skill level 5 in Armour
  4065 | D:7      | Reached skill level 5 in Dodging
  4187 | D:7      | Reached XP level 10. HP: 52/53 MP: 11/11
  4222 | D:7      | Reached ***** piety under Trog
  4277 | D:7      | Found a sparkling altar of Nemelex Xobeh.
  4391 | D:7      | Found a stormy altar of Qazlal.
  4740 | D:7      | Found a runed translucent door.
  4741 | D:7      | Noticed Crazy Yiuf
  4747 | D:7      | Killed Crazy Yiuf
  4818 | D:7      | Found a deep blue altar of Sif Muna.
  5005 | D:8      | Noticed Joseph
  5022 | D:8      | Killed Joseph
  5350 | D:8      | Found Zin's Purification Station.
  5352 | D:8      | Found a glowing silver altar of Zin.
  5603 | D:8      | Noticed Grum
  5627 | D:8      | Killed Grum
  5641 | D:8      | Found a sacrificial altar of Ru.
  5779 | D:9      | Received a gift from Trog
  5789 | D:9      | Found a shattered altar of Ashenzari.
  5989 | D:9      | Noticed a brown ugly thing
  5997 | D:9      | Killed a brown ugly thing
  6020 | D:9      | Found Coron's Antique Armour Shop.
  6119 | D:9      | Reached XP level 11. HP: 58/58 MP: 12/12
  6417 | D:9      | Reached skill level 10 in Long Blades
  6519 | D:9      | Found a bloodstained altar of Trog.
  6551 | D:10     | Entered Level 10 of the Dungeon
  6666 | D:10     | Noticed a two-headed ogre
  6671 | D:10     | Killed a two-headed ogre
  6998 | D:10     | Found a staircase to the Orcish Mines.
  7013 | D:10     | You fall through a shaft!
  7013 | D:11     | Found a staircase to the Lair.
  7259 | D:11     | Noticed a green ugly thing
  7273 | D:11     | Killed a green ugly thing
  7537 | D:10     | Found a portal to a secret trove of treasure.
  7902 | Orc:1    | Entered Level 1 of the Orcish Mines
  7903 | Orc:1    | Noticed Maurice
  7909 | Orc:1    | Noticed a cyclops
  7910 | Orc:1    | Noticed an orc knight
  7913 | Orc:1    | Noticed Snorg
  7920 | D:10     | Killed Maurice
  7920 | D:10     | Reached skill level 1 in Shields
  8103 | D:10     | Killed an orc knight
  8116 | D:10     | Killed Snorg
  8116 | D:10     | Gained mutation: You heal very quickly. [Vine Stalker
                  | growth]
  8116 | D:10     | Reached XP level 12. HP: 62/65 MP: 7/13
  8368 | Orc:2    | Entered Level 2 of the Orcish Mines
  8374 | Orc:2    | Noticed a two-headed ogre
  8374 | Orc:2    | Noticed a two-headed ogre
  8375 | Orc:2    | Noticed a two-headed ogre
  8390 | Orc:1    | Killed a two-headed ogre
  8394 | Orc:1    | Killed a two-headed ogre
  8446 | Orc:1    | Killed a two-headed ogre
  8514 | Orc:2    | Noticed a two-headed ogre
  8514 | Orc:2    | Noticed a two-headed ogre
  8549 | Orc:1    | Killed a two-headed ogre
  8552 | Orc:1    | Killed a two-headed ogre
  8609 | Orc:2    | Noticed an ogre mage
  8613 | Orc:2    | Noticed a two-headed ogre
  8614 | Orc:2    | Noticed a two-headed ogre
  8615 | Orc:2    | Noticed a two-headed ogre
  8618 | Orc:2    | Killed an ogre mage
  8619 | Orc:2    | Noticed a two-headed ogre
  8628 | Orc:2    | Killed a two-headed ogre
  8632 | Orc:2    | Killed a two-headed ogre
  8633 | Orc:2    | Killed a two-headed ogre
  8636 | Orc:2    | Killed a two-headed ogre
  8697 | Orc:2    | Noticed a two-headed ogre
  8701 | Orc:2    | Noticed an orc high priest
  8707 | Orc:2    | Killed a two-headed ogre
  8709 | Orc:2    | Noticed a sun demon
  8710 | Orc:2    | Noticed a two-headed ogre
  8716 | Orc:2    | Killed an orc high priest
  8716 | Orc:2    | Reached XP level 13. HP: 70/70 MP: 14/14
  8718 | Orc:2    | Noticed an ogre mage
  8732 | Orc:2    | Noticed an ogre mage
  8734 | Orc:2    | Killed an ogre mage
  8750 | Orc:2    | Killed an ogre mage
  8751 | Orc:2    | Found a staircase to the Elven Halls.
  8890 | Orc:2    | Found Atwitit's Jewellery Boutique.
  8890 | Orc:2    | Found Xethac's Jewellery Shoppe.
  8891 | Orc:2    | Found Motryty's Weapon Emporium.
  8891 | Orc:2    | Found Umot's Jewellery Boutique.
  8900 | Orc:2    | Bought the ring of Compulsion {Str+2 Dex+2 SInv} for 425
                  | gold pieces
  9272 | Orc:1    | Found a roughly hewn altar of Beogh.
  9290 | Orc:1    | Received a gift from Trog
  9322 | Orc:1    | Got a crude rapier {god gift}
  9323 | Orc:1    | Identified the +1 rapier of Indignation {holy, rC+ rN+
                  | Dex+4} (Trog gifted it to you on level 1 of the Orcish
                  | Mines)
  9773 | D:11     | Noticed Gastronok
  9791 | D:11     | Killed Gastronok
 10197 | D:12     | Reached skill level 10 in Fighting
 10319 | D:12     | Reached ****** piety under Trog
 10424 | D:12     | Received a gift from Trog
 10540 | D:12     | You fall through a shaft!
 10545 | D:13     | Found a transporter.
 10561 | D:13     | Found a bloodstained altar of Trog.
 10561 | D:13     | Noticed Laiders72's ghost (journeyman DDFi)
 10563 | D:13     | Identified the +6 glaive "Orb Guardian's Curse" {elec,
                  | rPois Int+3}
 10568 | D:13     | Found a transporter.
 10571 | D:13     | Identified the +4 giant club "Sito Baq" {drain, rC+ MR+}
 10571 | D:13     | Noticed an ettin
 10572 | D:13     | Identified the cursed +1 morningstar "Plog" {drain, rN+
                  | Int+5}
 10590 | D:13     | Reached XP level 14. HP: 77/77 MP: 15/15
 11233 | D:12     | Found a roughly hewn altar of Beogh.
 11425 | D:13     | Found a gate to the Vaults.
 12097 | D:15     | Entered Level 15 of the Dungeon
 12097 | D:15     | Noticed Kirke
 12107 | D:15     | Killed Kirke
 12136 | D:15     | Found a gate leading to a gauntlet.
 12145 | Gauntlet | Entered a Gauntlet
 12145 | Gauntlet | Found a transporter.
 12145 | Gauntlet | Found a runed translucent gate.
 12145 | Gauntlet | Found a transporter.
 12149 | Gauntlet | Found a runed translucent gate.
 12150 | Gauntlet | Found a runed translucent gate.
 12170 | Gauntlet | Found a transporter.
 12171 | Gauntlet | Found a transporter.
 12179 | Gauntlet | Found a transporter.
 12182 | Gauntlet | Found a transporter.
 12190 | Gauntlet | Found a transporter.
 12206 | Gauntlet | Found a transporter.
 12220 | Gauntlet | Found a transporter.
 12224 | Gauntlet | Found a transporter.
 12232 | Gauntlet | Found a transporter.
 12236 | Gauntlet | Found a transporter.
 12296 | Gauntlet | Received a gift from Trog
 12461 | Gauntlet | Got a smoking copper ring
 12465 | Gauntlet | Identified the ring of the Nine Demons {+Inv +Fly rC++
                  | Stlth+} (You found it in a Gauntlet)
 12515 | Gauntlet | Identified the cursed +1 plate armour of Ceontuepn {rN+
                  | Str+8 Int-2 Dex+6}
 12623 | D:15     | Noticed Nessos
 12642 | D:15     | Killed Nessos
 13015 | D:15     | Reached skill level 10 in Armour
 13015 | D:15     | Reached XP level 15. HP: 80/82 MP: 16/16
 13109 | D:15     | Reached skill level 10 in Dodging
 13194 | D:15     | Got a brightly glowing falchion
 13195 | D:15     | Identified the cursed +0 falchion of the Special Demons
                  | {slice, Int+3 Dex+3} (You found it on level 15 of the
                  | Dungeon)
 13359 | D:15     | Found a staircase to the Depths.
 13858 | Lair:1   | Entered Level 1 of the Lair of Beasts
 14254 | Lair:1   | Reached skill level 15 in Long Blades
 14292 | Lair:1   | Noticed Urug
 14303 | Lair:1   | Killed Urug
 15089 | Lair:2   | You fall through a shaft for 2 floors!
 15233 | Lair:3   | Noticed Sonja
 15492 | Lair:3   | Killed Sonja
 15514 | Lair:3   | Received a gift from Trog
 15600 | Lair:3   | Found a staircase to the Snake Pit.
 15637 | Lair:3   | Found a staircase to the Swamp.
 16032 | Lair:4   | Got a wavering steel amulet
 16034 | Lair:4   | Identified the amulet of Coguheod {*Contam rN+ MR+ Regen+
                  | SInv} (You found it on level 4 of the Lair of Beasts)
 16066 | Lair:4   | Noticed Josephine
 16075 | Lair:4   | Killed Josephine
 16602 | Lair:5   | Found a hide-covered altar of Uskayaw.
 17023 | Lair:5   | Got a faintly humming cloak
 17034 | Lair:5   | Identified the +2 cloak "Nisip" {+Inv rF+} (You found it on
                  | level 5 of the Lair of Beasts)
 17304 | Lair:6   | Entered Level 6 of the Lair of Beasts
 17366 | Lair:6   | Reached XP level 16. HP: 88/88 MP: 15/17
 17431 | Lair:6   | Found a staircase to the Slime Pits.
 17431 | Lair:6   | Found a viscous altar of Jiyva.
 17484 | Lair:6   | Received a gift from Trog
 17573 | Lair:6   | Received a gift from Trog
 17951 | Lair:6   | Received a gift from Trog
 18590 | Swamp:1  | Entered Level 1 of the Swamp
 18848 | Swamp:1  | Received a gift from Trog
 18940 | Swamp:1  | Noticed a thorn hunter
 18967 | Swamp:1  | Killed a thorn hunter
 19318 | Swamp:2  | Noticed a tentacled monstrosity
 19329 | Swamp:1  | Killed a tentacled monstrosity
 19521 | Swamp:2  | Reached XP level 17. HP: 94/94 MP: 18/18
 19640 | Swamp:2  | Found a shattered altar of Ashenzari.
 20422 | Swamp:3  | Noticed Bai Suzhen
 20438 | Swamp:3  | Killed Bai Suzhen
 20670 | D:10     | You paid a toll of +3 storm dragon scales to enter a
                  | treasure trove
 20671 | Trove    | Entered a treasure trove
 20679 | Trove    | Got a warped buckler
 20681 | Trove    | Got a faintly glowing jade amulet
 20700 | Trove    | Got an ancient glass ring
 20722 | D:10     | Identified the amulet "Damnable Contraption" {Acrobat rN+}
                  | (You found it in a treasure trove)
 20725 | D:10     | Identified the ring "Kyshrel" {rF+ MP+9 Stlth+} (You found
                  | it in a treasure trove)
 20741 | D:10     | Identified the +2 buckler of Faxtoafo {rElec rN+ Stlth+}
                  | (You found it in a treasure trove)
 21208 | Swamp:4  | Entered Level 4 of the Swamp
 21219 | Swamp:4  | Received a gift from Trog
 21893 | Swamp:4  | Received a gift from Trog
 21896 | Swamp:4  | Got a faintly glowing fustibalus {god gift}
 21897 | Swamp:4  | Identified the +5 fustibalus "Duucuyll" {freeze, Int+3}
                  | (Trog gifted it to you on level 4 of the Swamp)
 21986 | Swamp:4  | Got a decaying rune of Zot
 22318 | Elf:1    | Entered Level 1 of the Elven Halls
 22536 | Elf:1    | Reached XP level 18. HP: 89/102 MP: 19/19
 22693 | Elf:1    | Received a gift from Trog
 22794 | Elf:1    | Found Jageddo's Gadget Shop.
 22795 | Elf:1    | Found Nollunaw's Jewellery Emporium.
 22795 | Elf:1    | Found Bescheokh's Jewellery Emporium.
 23298 | Elf:2    | Found a flickering gateway to a bazaar.
 23357 | Bazaar   | Entered a bazaar
 23364 | Bazaar   | Found Wopyv's Distillery.
 23372 | Bazaar   | Found Zugept's Food Boutique.
 23381 | Bazaar   | Found Xupa's Distillery.
 23410 | Bazaar   | Found Lanuu's Armour Shop.
 23438 | Bazaar   | Bought a potion of curing for 54 gold pieces
 23438 | Bazaar   | Bought a potion of mutation for 144 gold pieces
 23438 | Bazaar   | Bought a potion of haste for 180 gold pieces
 23451 | Bazaar   | Bought a potion of curing for 42 gold pieces
 23451 | Bazaar   | Bought a potion of might for 56 gold pieces
 23451 | Bazaar   | Bought a potion of might for 56 gold pieces
 23497 | Elf:2    | Found a huge runed translucent gate.
 23497 | Elf:2    | Found a huge runed translucent gate.
 23497 | Elf:2    | Found a huge runed translucent gate.
 23497 | Elf:2    | Found a huge runed translucent gate.
 23497 | Elf:2    | Found a huge runed translucent gate.
 23509 | Elf:2    | Got a scorched dagger
 23510 | Elf:2    | Identified the +11 dagger of Insufficient Pleasure {elec,
                  | *Rage rPois rC+ Dex+5} (You found it on level 2 of the
                  | Elven Halls)
 23609 | Elf:2    | Received a gift from Trog
 23633 | Elf:2    | Got a dazzling triple sword {god gift}
 23639 | Elf:2    | Identified the +9 triple sword of Inflation {drain, +Blink
                  | Str+5} (Trog gifted it to you on level 2 of the Elven
                  | Halls)
 23920 | Elf:2    | Found a runed translucent door.
 23921 | Elf:2    | Noticed Byodd's ghost (adept DsIE)
 23988 | Elf:2    | Killed Byodd's ghost
 24012 | Elf:2    | Identified the +2 battleaxe of Law {chop, rF+ Str+3 Dex-3}
                  | (You found it on level 2 of the Elven Halls)
 24182 | Elf:2    | Cast into level 2 of the Abyss (+3 long sword of
                  | distortion)
 24257 | Elf:2    | Escaped the Abyss
 24387 | Elf:2    | Reached skill level 15 in Fighting
 24387 | Elf:2    | Reached XP level 19. HP: 97/108 MP: 17/20
 24431 | Elf:2    | Received a gift from Trog
 24455 | Elf:2    | Identified the +11 long sword of Pessimism {flame, rElec
                  | MR+ Str-2} (Trog gifted it to you on level 2 of the Elven
                  | Halls)
 24730 | Elf:3    | Entered Level 3 of the Elven Halls
 24936 | Elf:3    | Found Wefuawkeun's Magic Scroll Boutique.
 24973 | Elf:3    | Bought a scroll of magic mapping for 59 gold pieces
 24973 | Elf:3    | Bought a scroll of magic mapping for 59 gold pieces
 25090 | Elf:3    | Found Asmilur's Antique Armour Boutique.
 25294 | Elf:3    | Received a gift from Trog
 25343 | Elf:3    | Found Uhahaol's Magic Scroll Emporium.
 25351 | Elf:3    | Bought a scroll of acquirement for 780 gold pieces
 25351 | Elf:3    | Bought a scroll of silence for 112 gold pieces
 25648 | Elf:3    | Identified the +8 rapier "Lanoc's Regret" {vamp, *Drain
                  | rPois rF- MR+++}
 25914 | Elf:3    | Identified the +5 hand axe "Japaefi" {vamp, rElec Int+4}
 25945 | Elf:3    | Got a warped scale mail
 25952 | Elf:3    | Identified the Handbook of Shifting Air
 25996 | Elf:3    | Identified the +5 scale mail of the Clam {Int+4} (You found
                  | it on level 3 of the Elven Halls)
 26267 | Snake:1  | Entered Level 1 of the Snake Pit
 26323 | Snake:1  | Received a gift from Trog
 26379 | Snake:1  | Reached XP level 20. HP: 114/114 MP: 17/21
 27134 | Snake:2  | Noticed Louise
 27151 | Snake:2  | Killed Louise
 27206 | Snake:2  | Found a hide-covered altar of Uskayaw.
 27241 | Snake:2  | Received a gift from Trog
 27473 | Snake:2  | Noticed Aizul
 27482 | Snake:2  | Killed Aizul
 28465 | Snake:3  | Reached skill level 15 in Armour
 28473 | Snake:3  | Found a hide-covered altar of Uskayaw.
 28544 | Snake:3  | Reached skill level 15 in Dodging
 28919 | Snake:4  | Entered Level 4 of the Snake Pit
 28959 | Snake:4  | Received a gift from Trog
 29004 | Snake:4  | Found a basalt altar of Yredelemnul.
 29116 | Snake:4  | Reached XP level 21. HP: 81/120 MP: 17/22
 29414 | Snake:4  | Noticed Vashnia
 29435 | Snake:4  | Killed Vashnia
 29578 | Snake:4  | Found a radiant altar of Vehumet.
 29617 | Snake:4  | Found a runed translucent door.
 29617 | Snake:4  | Noticed Hylith's ghost (adept GnNe)
 29740 | Snake:4  | Received a gift from Trog
 29809 | Snake:4  | Got a serpentine rune of Zot
 30030 | Snake:4  | Killed Hylith's ghost
 30261 | Vaults:1 | Entered Level 1 of the Vaults
 30657 | Vaults:1 | Noticed Donald
 30663 | Vaults:1 | Killed Donald
 31010 | Vaults:1 | Received a gift from Trog
 31142 | Vaults:1 | Received a gift from Trog
 31654 | Vaults:2 | Reached XP level 22. HP: 118/126 MP: 23/23
 31685 | Vaults:2 | Found a staircase to the Crypt.
 31852 | Vaults:2 | Noticed Margery
 31870 | Vaults:2 | Killed Margery
 31881 | Vaults:2 | Received a gift from Trog
 32299 | Vaults:2 | Noticed Asterion
 32311 | Vaults:2 | Killed Asterion
 32390 | Vaults:2 | Received a gift from Trog
 33138 | Vaults:3 | Received a gift from Trog
 33615 | Vaults:3 | Found Jyoliula's Jewellery Shoppe.
 33872 | Vaults:4 | Noticed Jory
 33888 | Vaults:4 | Killed Jory
 34069 | Vaults:4 | Reached XP level 23. HP: 110/133 MP: 24/24
 34306 | Vaults:4 | Found Feywuygo's Jewellery Emporium.
 34393 | Vaults:4 | Received a gift from Trog
 34931 | Vaults:5 | Entered Level 5 of the Vaults
 34931 | Vaults:5 | Noticed a golden dragon
 34934 | Vaults:5 | Noticed a golden dragon
 34971 | Vaults:5 | Killed a golden dragon
 34971 | Vaults:5 | Received a gift from Trog
 34980 | Vaults:4 | Killed a golden dragon
 35337 | Vaults:5 | Received a gift from Trog
 35401 | Vaults:5 | Noticed a golden dragon
 35417 | Vaults:5 | Killed a golden dragon
 35456 | Vaults:5 | Got a silver rune of Zot
 35490 | Vaults:5 | Reached XP level 24. HP: 139/139 MP: 24/24
 35534 | Vaults:5 | Noticed an ancient lich
 35555 | Vaults:5 | Killed an ancient lich
 35894 | Vaults:5 | Got a wavering glass ring
 35899 | Vaults:5 | Identified the ring "Unaugam" {MR++ Dex+3} (You found it on
                  | level 5 of the Vaults)
 35904 | Vaults:5 | Got a smoking glaive
 35905 | Vaults:5 | Identified the cursed +3 glaive "Naat Zea" {freeze, rN+
                  | Str+2} (You found it on level 5 of the Vaults)
 35919 | Vaults:5 | Identified a +2 pair of boots of running (You found it on
                  | level 5 of the Vaults)
 35932 | Vaults:5 | Received a gift from Trog
 36081 | Vaults:5 | Identified the +3 leather armour of the Fife {Regen+ Str+4
                  | SInv}
 36132 | Vaults:5 | Identified the cursed ring of the Endless Expanse {*Contam
                  | +Fly rF+++ Int-2 Stlth-}
 36201 | Vaults:5 | Found the +7 sceptre of Torment {pain, torment}
 36211 | Vaults:5 | Identified the +2 great sword of Resumed Hostilities
                  | {flame, Int+3} (You found it on level 5 of the Vaults)
 36219 | Vaults:5 | Found the +8 demon trident "Rift" {distort, reach+}
 36272 | Vaults:5 | Identified the ring of Deereu {*Corrode +Inv rPois rF+
                  | Dex-2}
 36908 | Vaults:5 | Cast into level 3 of the Abyss (tengu reaver)
 37112 | Abyss:3  | Received a gift from Trog
 37189 | Abyss:3  | Reached XP level 25. HP: 145/145 MP: 21/21
 37662 | Abyss:3  | Received a gift from Trog
 37935 | Abyss:3  | Received a gift from Trog
 37983 | Abyss:3  | Paralysed by a floating eye for 3 turns
 38086 | Abyss:3  | Paralysed by accursed screaming for 1 turns
 38304 | Abyss:3  | Gained mutation: Your magical capacity is low. (-10% MP) [a
                  | neqoxec]
 38878 | Abyss:3  | Received a gift from Trog
 38923 | Abyss:3  | Paralysed by accursed screaming for 1 turns
 39029 | Abyss:3  | Reached XP level 26. HP: 120/151 MP: 19/19
 39087 | Abyss:3  | Received a gift from Trog
 39876 | Abyss:3  | Received a gift from Trog
 40004 | Abyss:3  | Lost mutation: Your magical capacity is extremely low.
                  | (-30% MP) [a neqoxec]
 40047 | Vaults:5 | Escaped the Abyss
 40380 | Depths:1 | Entered Level 1 of the Depths
 40430 | Depths:1 | Found Fualec's Armour Shop.
 40498 | Depths:1 | Received a gift from Trog
 40729 | Depths:1 | Found a gateway to Hell.
 40825 | Depths:1 | Found a gateway to a ziggurat.
 41314 | Depths:2 | Received a gift from Trog
 41668 | Depths:2 | Reached XP level 27. HP: 158/158 MP: 24/24
 41673 | Depths:2 | Identified the ring of Awe {Wiz rElec rC- Int+4}
 41985 | Depths:2 | Received a gift from Trog
 42028 | Depths:2 | Found a one-way gate leading to the halls of Pandemonium.
 42103 | Depths:2 | Found a transporter.
 42254 | Depths:2 | Found a transporter.
 42472 | Depths:2 | Paralysed by a floating eye for 3 turns
 42546 | Depths:2 | Identified the amulet of the Secret Mice {Harm *Drain rC-
                  | rN+ Int+4} (You found it on level 2 of the Depths)
 42588 | Depths:2 | Got a warped lead ring
 42610 | Depths:2 | Identified the cursed +0 plate armour of Vehumet's Fury
                  | {Int+5} (You found it on level 2 of the Depths)
 42613 | Depths:2 | Identified the ring "Rura" {rPois Int+3} (You found it on
                  | level 2 of the Depths)
 42698 | Depths:3 | Got a shimmering wooden ring
 42700 | Depths:3 | Identified the ring of Loallext {Wiz Int+4} (You found it
                  | on level 3 of the Depths)
 42709 | Depths:3 | Noticed Mara
 42711 | Depths:3 | Noticed Lanoc's illusion
 42734 | Depths:2 | Killed Mara
 42752 | Depths:3 | Received a gift from Trog
 42771 | Depths:3 | Got an encrusted double sword {god gift}
 42772 | Depths:3 | Identified the +10 double sword of Ushrij {holy, Str+5}
                  | (Trog gifted it to you on level 3 of the Depths)
 43141 | Depths:3 | Found a runed translucent door.
 43776 | Depths:3 | Noticed Boris
 43791 | Depths:3 | Killed Boris
 43792 | Depths:3 | Received a gift from Trog
 43835 | Depths:3 | Found a roughly hewn altar of Beogh.
 43857 | Depths:3 | Noticed an ancient lich
 43863 | Depths:3 | Killed an ancient lich
 43930 | Depths:3 | Got a faintly glowing iron amulet
 43932 | Depths:3 | Identified the amulet "Damnable Contraption" {Faith rF++
                  | MR+ Str+4} (You found it on level 3 of the Depths)
 44101 | Depths:3 | Identified the +2 rapier "Sialin" {pierce, Fragile +Inv
                  | rC+} (You found it on level 3 of the Depths)
 44187 | Depths:3 | Found Efeucwuk's Slaves and Accessories.
 44252 | Depths:3 | Found The Legendary Vulonawk's Legendary Smithy.
 44305 | Depths:3 | Found Jack's Jerk-a-riffic Jerky.
 44358 | Depths:3 | Found Vos Nuskirph's Miraculous Elixirs.
 44381 | Depths:3 | Bought a potion of mutation for 400 gold pieces
 44381 | Depths:3 | Bought 2 potions of mutation for 800 gold pieces
 44381 | Depths:3 | Bought 2 potions of mutation for 800 gold pieces
 44381 | Depths:3 | Bought a potion of mutation for 400 gold pieces
 44381 | Depths:3 | Bought a potion of mutation for 400 gold pieces
 44381 | Depths:3 | Bought a potion of mutation for 400 gold pieces
 44611 | Depths:4 | Identified the +3 faerie dragon scales {-Tele rC+++ rN+++
                  | rCorr Dex-3}
 44611 | Depths:4 | Noticed the Enchantress
 44619 | Depths:4 | Noticed Saint Roka
 44624 | Depths:4 | Killed the Enchantress
 44656 | Depths:4 | Killed Saint Roka
 44701 | Depths:4 | Received a gift from Trog
 44760 | Depths:4 | Found a one-way gate to the infinite horrors of the Abyss.
 45596 | Depths:5 | Entered Level 5 of the Depths
 45645 | Depths:5 | Found Xoqossa's Magic Scroll Shoppe.
 45669 | Depths:5 | Bought a scroll of acquirement for 1092 gold pieces
 45714 | Depths:5 | Paralysed by a floating eye for 2 turns
 45722 | Depths:5 | Paralysed by a floating eye for 3 turns
 45856 | Depths:5 | Paralysed by a floating eye for 3 turns
 45864 | Depths:5 | Found Qipoac's Food Boutique.
 45881 | Depths:5 | Received a gift from Trog
 46027 | Depths:5 | Found a gate to the Realm of Zot.
 46114 | Depths:5 | Found Uxenib's Antique Armour Emporium.
 46163 | Depths:5 | Found Sijatubb's Antique Weapon Shoppe.
 46405 | Depths:5 | Found Lewina's Assorted Antiques.
 46420 | Depths:5 | Bought a scroll of blinking for 337 gold pieces
 46420 | Depths:5 | Bought 3 scrolls of identify for 270 gold pieces
 46625 | Depths:5 | Found a gateway to a bazaar.
 46631 | Bazaar   | Entered a bazaar
 46636 | Bazaar   | Found Ewky's Gadget Shop.
 46659 | Bazaar   | Found Covvotoy's Antique Armour Shop.
 46664 | Bazaar   | Found Hizifo's Jewellery Boutique.
 46677 | Bazaar   | Found Piv Duje's General Store.
 47081 | Slime:1  | Entered Level 1 of the Pits of Slime
 47092 | Slime:1  | Gained mutation: You tend to lose your temper in combat. [a
                  | shining eye]
 47094 | Slime:1  | Gained mutation: You are surrounded by a mild repulsion
                  | field. (EV +2) [a shining eye]
 47103 | Slime:1  | Gained mutation: You are partially covered in icy blue
                  | scales. (AC +2) [a shining eye]
 47338 | Slime:2  | Gained mutation: Your spells are a little easier to cast,
                  | but a little less powerful. [a shining eye]
 47366 | Slime:2  | Gained mutation: You are dopey. (Int -2) [a shining eye]
 47689 | Slime:3  | Noticed Dissolution
 47696 | Slime:3  | Killed Dissolution
 47793 | Slime:3  | Received a gift from Trog
 47794 | Slime:3  | You fall through a shaft!
 47821 | Slime:4  | Gained mutation: You are occasionally teleported next to
                  | monsters. [a shining eye]
 47856 | Slime:4  | Gained mutation: You are frail. (-10% HP) [a shining eye]
 48270 | Slime:4  | Lost mutation: You tend to lose your temper in combat.
                  | [potion of mutation]
 48270 | Slime:4  | Lost mutation: You are frail. (-10% HP) [potion of
                  | mutation]
 48270 | Slime:4  | Gained mutation: Your flesh is heat resistant. (rF+)
                  | [potion of mutation]
 48270 | Slime:4  | Gained mutation: Your flesh is cold resistant. (rC+)
                  | [potion of mutation]
 48270 | Slime:4  | Gained mutation: You are robust. (+10% HP) [potion of
                  | mutation]
 48293 | Slime:5  | Entered Level 5 of the Pits of Slime
 48374 | Slime:5  | Noticed the Royal Jelly
 48429 | Slime:5  | Killed the Royal Jelly
 48430 | Slime:5  | Gained mutation: Your spells are easier to cast, but less
                  | powerful. [a shining eye]
 48718 | Slime:5  | Found the -2 hat of the Alchemist {rElec rPois rF+ rC+ rN+
                  | MR+ rMut rCorr}
 48729 | Slime:5  | Gained mutation: Your spells are much easier to cast, but
                  | much less powerful. [a shining eye]
 48738 | Slime:5  | Got a slimy scimitar
 48746 | Slime:5  | Identified the +8 scimitar of Due Proportion {holy, *Contam
                  | rElec Int+4 Stlth+} (You found it on level 5 of the Pits of
                  | Slime)
 48784 | Slime:5  | Got a slimy rune of Zot
 48822 | Slime:5  | Got a bloodstained helmet
 48833 | Slime:5  | Identified the +2 helmet of Bedevilment {rElec rF+ rC+ MR+}
                  | (You found it on level 5 of the Pits of Slime)
 48884 | Slime:5  | Received a gift from Trog
 49073 | Slime:5  | Lost mutation: You are partially covered in icy blue
                  | scales. (AC +2) [potion of mutation]
 49073 | Slime:5  | Lost mutation: Your flesh is cold resistant. (rC+) [potion
                  | of mutation]
 49073 | Slime:5  | Gained mutation: You tend to lose your temper in combat.
                  | [potion of mutation]
 49073 | Slime:5  | Gained mutation: You passively map a small area around you.
                  | [potion of mutation]
 49074 | Slime:5  | Lost mutation: You are dopey. (Int -2) [potion of mutation]
 49074 | Slime:5  | Lost mutation: You are robust. (+10% HP) [potion of
                  | mutation]
 49074 | Slime:5  | Lost mutation: You are occasionally teleported next to
                  | monsters. [potion of mutation]
 49074 | Slime:5  | Gained mutation: Your system is resistant to poisons.
                  | (rPois) [potion of mutation]
 49074 | Slime:5  | Gained mutation: You are frail. (-10% HP) [potion of
                  | mutation]
 49074 | Slime:5  | Gained mutation: You can translocate small distances at
                  | will. [potion of mutation]
 49075 | Slime:5  | Lost mutation: You are frail. (-10% HP) [potion of
                  | mutation]
 49075 | Slime:5  | Lost mutation: You passively map a small area around you.
                  | [potion of mutation]
 49075 | Slime:5  | Lost mutation: You tend to lose your temper in combat.
                  | [potion of mutation]
 49075 | Slime:5  | Gained mutation: You are somewhat resistant to further
                  | mutation. [potion of mutation]
 49075 | Slime:5  | Gained mutation: You are agile. (Dex +2) [potion of
                  | mutation]
 49485 | Zig:1    | Entered Level 1 of a ziggurat
 49504 | Zig:2    | Entered Level 2 of a ziggurat
 49527 | Zig:3    | Entered Level 3 of a ziggurat
 49551 | Zig:4    | Entered Level 4 of a ziggurat
 49600 | Zig:5    | Entered Level 5 of a ziggurat
 49653 | Zig:6    | Entered Level 6 of a ziggurat
 49703 | Zig:6    | Got a warped silver ring
 49713 | Zig:6    | Identified the ring "Miuwaliph" {*Tele Int+2} (You found it
                  | on level 6 of a ziggurat)
 49770 | Zig:7    | Entered Level 7 of a ziggurat
 49815 | Zig:7    | Identified Xeqon's Collected Works on the Traveller
 49861 | Zig:8    | Entered Level 8 of a ziggurat
 50131 | Zot:1    | Entered Level 1 of the Realm of Zot
 50451 | Zot:1    | Received a gift from Trog
 50475 | Zot:1    | You fall through a shaft!
 51208 | Zot:3    | Got a shimmering graven amulet
 51256 | Zot:3    | Identified the amulet "Feyr Lagg" {Harm *Corrode *Drain
                  | rElec Int+4} (You found it on level 3 of the Realm of Zot)
 51716 | Zot:3    | Found a runed translucent door.
 51989 | Zot:3    | Noticed Axiujuom's ghost (master SpCK)
 52015 | Zot:3    | Killed Axiujuom's ghost
 52478 | Zot:4    | Noticed an orb of fire
 52492 | Zot:4    | Gained mutation: Scrolls take you a little longer to read.
                  | [an orb of fire]
 52499 | Zot:4    | Lost mutation: You are agile. (Dex +2) [an orb of fire]
 52501 | Zot:4    | Killed an orb of fire
 52536 | Zot:4    | Received a gift from Trog
 52791 | Zot:5    | Entered Level 5 of the Realm of Zot
 53160 | Zot:5    | Noticed an ancient lich
 53171 | Zot:5    | Noticed an ancient lich
 53179 | Zot:5    | Killed an ancient lich
 53202 | Zot:5    | Killed an ancient lich
 53271 | Zot:5    | Noticed an orb of fire
 53277 | Zot:5    | Gained mutation: Your body sometimes deteriorates upon
                  | taking damage. [an orb of fire]
 53293 | Zot:5    | Killed an orb of fire
 53308 | Zot:5    | Lost mutation: Scrolls take you a little longer to read.
                  | [potion of mutation]
 53308 | Zot:5    | Lost mutation: Your body sometimes deteriorates upon taking
                  | damage. [potion of mutation]
 53308 | Zot:5    | Gained mutation: You are agile. (Dex +2) [potion of
                  | mutation]
 53434 | Zot:5    | Noticed an orb of fire
 53452 | Zot:5    | Gained mutation: You occasionally shout uncontrollably at
                  | your foes. [an orb of fire]
 53455 | Zot:5    | Gained mutation: Scrolls take you a little longer to read.
                  | [an orb of fire]
 53463 | Zot:5    | Killed an orb of fire
 53601 | Zot:5    | Received a gift from Trog
 53625 | Zot:5    | Lost mutation: Your system is resistant to poisons. (rPois)
                  | [mutagenic glow]
 53647 | Zot:5    | Noticed an orb of fire
 53665 | Zot:5    | Noticed an orb of fire
 53674 | Zot:5    | Gained mutation: You tend to lose your temper in combat.
                  | [an orb of fire]
 53685 | Zot:5    | Gained mutation: You are weak. (Str -2) [an orb of fire]
 53699 | Zot:5    | Gained mutation: You sometimes yell uncontrollably at your
                  | foes. [an orb of fire]
 53700 | Zot:5    | Killed an orb of fire
 53701 | Zot:5    | Noticed an orb of fire
 53732 | Zot:5    | Gained mutation: You are frail. (-10% HP) [an orb of fire]
 53746 | Zot:5    | Killed an orb of fire
 53769 | Zot:5    | Killed an orb of fire
 53788 | Zot:5    | Noticed an ancient lich
 53812 | Zot:5    | Killed an ancient lich
 53883 | Zot:5    | Noticed an orb of fire
 53913 | Zot:5    | Killed an orb of fire
 54271 | Zot:5    | Got the Orb of Zot
 54280 | Zot:5    | Noticed an ancient lich
 54338 | Zot:5    | HP: 1/151 [daeva/divine providence (12)]
 54338 | Zot:5    | Killed from afar by a smoke demon

Levels and vault maps discovered:
D:1:      erik_arrival_triangle_medium, layout_loops_ring, minmay_domino_4
D:2:      layout_rooms, okawaru_gym_becter, dancing_weapons_uskayaw
D:3:      layout_basic, grunt_ministairs_14, grunt_gozag_breadcrumbs
D:4:      layout_loops_ring, minmay_misc_feat_tiny, minmay_three_crescents,
          uniq_robin, uniq_blork_the_orc, uniq_natasha, uniq_eustachio
D:5:      layout_basic, serial_shops, nicolae_shop_crystal, first_ration
D:6:      layout_rooms, lemuel_round_altar, temple_statues
D:7:      layout_basic, nicolae_overflow_crystal_walls,
          nemelex_xobeh_ov_fountains_minmay, nicolae_qazlal_style_of_elements,
          hangedman_abyss_or_decor_passed, uniq_crazy_yiuf_cottage, uniq_harold
D:8:      layout_basic, zin_purify, lemuel_doored_altar, uniq_grum, uniq_joseph
D:9:      layout_irregular_city, marbit_many_paths, evilmike_ruin_ashenzari,
          serial_shops, shop
D:10:     layout_roguey, orc_0_dummy, enter_trove_3
D:11:     layout_grid_maze, lair_entry_dummy, uniq_gastronok
D:12:     layout_cave_pools, special_room [special_room_orc]
D:13:     layout_cave_pools, grunt_vaults_entry_fortified,
          gammafunk_ghost_wrathful_warriors
D:14:     layout_gridville, minmay_misc_feat_room
D:15:     gammafunk_enter_depths_forms, layout_loops_corners,
          gauntlet_entry_generic, minmay_hedge_maze, serial_ice, serial_ice_j,
          serial_ice_g, serial_ice_a, serial_ice_n, uniq_nessos, uniq_kirke
Temple:   minmay_temple_forest_path
Lair:1:   layout_cave_pods, grunt_megastairs_2, uniq_urug
Lair:2:   layout_loops_ring, chequers_serial_rivers_marsh,
          infiniplex_staircase_pool, grunt_megastairs_1
Lair:3:   layout_gridlike, minmay_swamp_entry_worms,
          minmay_snake_entry_guardpost_medium, minmay_lindwurm_lava, uniq_sonja
Lair:4:   layout_cave_shapes, cheibrodos_lair_reptile_den,
          infiniplex_staircase_pool_2, uniq_josephine
Lair:5:   wad_woods_stonehenge, layout_regular_city, beast_lair_carwin_6
Lair:6:   hangedman_lair_caniforms_friends, layout_big_grid,
          hangedman_lair_tendril_chambers, slime_altar_1, serial_bayou_shore_b
Swamp:1:  layout_basic_swamp, evilmike_swamp_ruin_rubble_2
Swamp:2:  layout_basic_swamp, lemuel_altar_in_water, swamp_pool2
Swamp:3:  layout_falls_marsh, serial_swamp_ruin, evilmike_swamp_ruin_rubble_1,
          evilmike_swamp_ruin_house_5, evilmike_swamp_ruin_house_6,
          uniq_bai_suzhen
Swamp:4:  swamp_vile, layout_basic_swamp
Snake:1:  layout_misc_corridors, nicolae_snake_squiggles, serial_bayou_shore_b
Snake:2:  layout_rooms, basic_altar, uniq_aizul, uniq_louise
Snake:3:  layout_chambers, basic_altar, st_stairs_12,
          nrook_guardian_serpent_double
Snake:4:  snake_pit, layout_cave_town, gammafunk_ghost_grave,
          hangedman_feature_mirror, uniq_vashnia
Slime:1:  layout_caves
Slime:2:  layout_caves
Slime:3:  layout_caves, dissolution_awaits
Slime:4:  layout_caves
Slime:5
Orc:1:    layout_diamond_mine, basic_altar, uniq_maurice, uniq_snorg
Orc:2:    st_orc_ogre_mass, layout_caves, guppyfry_library_mini
Elf:1:    minmay_elf_arrival_plus, layout_geoelf_grid, minivault_28, kb_rosetta,
          minmay_shop_grove
Elf:2:    layout_geoelf_grid, ebering_ghost_inner_flame, serial_shops,
          bzr_entry_water, special_room [special_room_mythical_zoo],
          grunt_ministairs_7
Elf:3:    minmay_elf_hall_dome, layout_onion_city, serial_shops,
          nicolae_shop_trees, shop, shop
Vaults:1: dpeg_vaults_monster_box, ontoclasm_vaults_loading_screen,
          vaults_room_corners, nicolae_vaults_three_branches,
          vaults_mumra_minichess, ontoclasm_vaults_loading_screen,
          nicolae_vaults_little_squares_4, v_rooms_4, ontoclasm_vaults_hangar,
          v_rooms_4, layout_vaults_omnigrid, uniq_donald
Vaults:2: v_rooms_2, minmay_crypt_entry_skeletal_spiral, v_misc_4,
          nicolae_vaults_little_ls, vaults_mumra_hex,
          ontoclasm_vaults_misaligned, nicolae_vaults_shelves_hall,
          hangedman_vaults_pinch, v_alt_pattern_2, v_rooms_3,
          ontoclasm_vaults_pinch, nicolae_vaults_diagonal_hallway_6, v_misc_16,
          vaults_dpeg_cross, nicolae_vaults_circle_grid_b,
          layout_vaults_maze_bifur, uniq_asterion, uniq_margery
Vaults:3: v_rooms_5, v_misc_18, vaults_room_boxed, v_misc_30,
          vaults_room_stairs_pillars, dpeg_vaults_monster_row,
          vaults_room_door_ring, layout_vaults_chaotic_city, serial_shops, shop,
          serial_glass
Vaults:4: v_misc_33, ontoclasm_vaults_ring_square, hangedman_vaults_stagger,
          nicolae_vaults_puzzle_piece, v_misc_12, v_misc_18, v_misc_33,
          nicolae_vaults_little_squares_4, ontoclasm_vaults_ligature,
          nicolae_vaults_little_squares_4, vaults_room_guarded_vault,
          layout_vaults_omnibox, serial_shops, shop, uniq_jory
Vaults:5: serial_shops
Depths:1: layout_cave_pools, enter_ziggurat_a, grunt_mini_vestibule,
          serial_shops, shop, kennysheep_nondescript, drop_trap,
          chequers_serial_rivers_small_a, kennysheep_generic_room_2
Depths:2: gammafunk_dig_for_victory, layout_cave_shapes, kennysheep_nub,
          pan_entry, hell_entry, drop_trap, serial_bayou_pond_d,
          due_unseen_surprise, minmay_staircase_statues, grunt_megastairs_5,
          serial_bayou_shore_b
Depths:3: grated_community_mu [grated_community_mu_vampire_home,
          grated_community_mu_giant_home, grated_community_mu_spellcaster_home,
          grated_community_mu_orcish_home, grated_community_mu_troll_home,
          grated_community_mu_taur_home, grated_community_mu_unbuilt_plot],
          layout_basic, grunt_hell_entry_dis_mu, rand_demon_pan_entry_9,
          eino_curves_01, lightli_giant_bouncers, infiniplex_staircase_zigzag_3,
          uniq_mara, uniq_boris
Depths:4: kennysheep_six_static_rooms, layout_basic, skrybe_limestone_x,
          abyss_entry, hellmouth_1, infiniplex_staircase_zigzag_4,
          roderic_lattice_octagonal_star, serial_bayou_shore_b,
          uniq_enchantress, uniq_saint_roka
Depths:5: grunt_zot_entry_tricorne, layout_cave_shapes, serial_shops,
          bzr_entry_safe, shop, nicolae_shop_stone,
          nicolae_shop_competitors_out_of_business, minmay_misc_feat_iff,
          hangedman_coc_ice_floe, st_stairs_2, serial_bayou_shore_b,
          minmay_shoptagon
Zot:1:    layout_gridlike
Zot:2:    layout_onion
Zot:3:    layout_cathedral_of_symmetry, ebering_ghost_reflecting_pool,
          st_single_dragon_hoard_1, st_stairs_11
Zot:4:    layout_basic, hangedman_elemental_grid_stream
Zot:5:    layout_cathedral_of_symmetry

Skill      XL: |  1  2  3  4  5  6  7  8  9 10 11 12 13 14 15 16 17 18 19 20 21 22 23 24 25 26 27 |
---------------+----------------------------------------------------------------------------------+-----
Long Blades    | 3 4 5 7 8 9 11 12 13 14 15 16 17 18 19 20 21 24 | 24.0
Fighting       | 3 4 5 6 7 8 9 10 11 12 14 15 16 17 18 19 20 24 | 24.4
Armour         | 2 3 4 5 6 7 8 9 10 11 12 13 14 15 16 17 18 19 22 | 22.7
Dodging        | 2 3 4 5 6 7 8 9 10 11 12 13 14 15 16 17 18 19 22 | 22.7
Shields        | 1 4 |  4.0

Action                   |  1- 3 |  4- 6 |  7- 9 | 10-12 | 13-15 | 16-18 | 19-21 | 22-24 | 25-27 || total
-------------------------+-------+-------+-------+-------+-------+-------+-------+-------+-------++-------
Melee: Falchion          |    67 |   119 |   306 |   563 |   164 |       |       |       |       ||  1219
       Bite              |    19 |    38 |   157 |   339 |   837 |   730 |   570 |   897 |  3372 ||  6959
       Long sword        |       |       |       |       |   748 |   219 |       |       |       ||   967
       Scimitar          |       |       |       |       |   385 |   858 |       |       |       ||  1243
       Triple sword      |       |       |       |       |       |    78 |   921 |   504 |       ||  1503
       Great sword       |       |       |       |       |       |       |       |   782 |  4614 ||  5396
Invok: Berserk           |     2 |     2 |     3 |    18 |    15 |    13 |     3 |     3 |     8 ||    67
       Trog's Hand       |       |     2 |     2 |     5 |     9 |     9 |    17 |     5 |    17 ||    66
       Brothers in Arms  |       |       |       |       |       |       |       |       |     1 ||     1
Evoke: Wand              |       |       |       |       |     1 |       |       |       |     2 ||     3
  Use: Scroll            |     3 |     4 |     2 |     5 |    13 |    12 |    12 |    17 |    25 ||    93
       Potion            |       |       |       |     4 |     2 |       |       |       |    15 ||    21
 Stab: Invisible         |       |       |       |     5 |       |       |       |       |     7 ||    12
       Distracted        |       |       |       |       |       |       |     1 |       |     1 ||     2
       Petrified         |       |       |       |       |       |       |       |       |     3 ||     3
       Paralysed         |       |       |       |       |       |       |       |       |     2 ||     2
       Sleeping          |       |       |       |       |       |       |       |       |     5 ||     5
       Confused          |       |       |       |       |       |       |       |       |     3 ||     3
  Eat: Chunk             |     1 |     6 |    13 |    29 |    61 |    27 |    19 |    23 |    43 ||   222
       Ration            |       |       |       |     1 |     4 |     6 |     4 |     2 |    12 ||    29
Armor: Animal skin       |    16 |     1 |       |       |       |       |       |       |       ||    17
       Chain mail        |       |    15 |       |       |       |       |       |       |       ||    15
       Quicksilver drago |       |    61 |   131 |   157 |   149 |       |       |       |       ||   498
       Plate armour      |       |       |       |       |   171 |   483 |   463 |   539 |       ||  1656
       Gold dragon scale |       |       |       |       |       |       |       |    90 |  3446 ||  3536
       Acid dragon scale |       |       |       |       |       |       |       |       |   157 ||   157
Dodge: Dodged            |    52 |   100 |   231 |   445 |   775 |   792 |  1163 |  1227 |  4633 ||  9418
Block: Buckler           |       |       |       |    58 |   450 |   442 |       |       |       ||   950
       Reflection        |       |       |       |     4 |    38 |     2 |       |       |       ||    44
       Rpst.: Falchion   |    19 |    33 |    59 |    94 |    16 |       |       |       |       ||   221
       Long sword        |       |       |       |       |   120 |    33 |       |       |       ||   153
       Scimitar          |       |       |       |       |    48 |   103 |       |       |       ||   151
       Triple sword      |       |       |       |       |       |    24 |   206 |    97 |       ||   327
       Great sword       |       |       |       |       |       |       |       |   154 |   916 ||  1070

Table legend:
 A = Non-vault XP
 B = Vault XP
 C = Vault XP percentage of total XP
 D = Non-vault monster count
 E = Vault monster count
 F = Vault count percentage of total count
                 A         B        C        D         E       F
            +---------+---------+-------+---------+---------+-------
      Total | 1140790 |  989134 |  46.4 |    2081 |    1004 |  32.5
            +---------+---------+-------+---------+---------+-------
        D:1 |      25 |       0 |   0.0 |      13 |       0 |   0.0
        D:2 |      56 |       0 |   0.0 |      18 |       0 |   0.0
        D:3 |     160 |      16 |   9.1 |      20 |       2 |   9.1
        D:4 |     480 |     458 |  48.8 |      25 |      19 |  43.2
        D:5 |     728 |       0 |   0.0 |      17 |       0 |   0.0
        D:6 |     909 |       0 |   0.0 |      17 |       0 |   0.0
        D:7 |    1495 |    1013 |  40.4 |      23 |       2 |   8.0
        D:8 |    1554 |    1148 |  42.5 |      37 |       6 |  14.0
        D:9 |    2050 |      35 |   1.7 |      20 |       1 |   4.8
       D:10 |    4564 |    1590 |  25.8 |      34 |       2 |   5.6
       D:11 |    8870 |    2161 |  19.6 |      42 |       1 |   2.3
       D:12 |    2907 |    2757 |  48.7 |      31 |      22 |  41.5
       D:13 |    5105 |    4373 |  46.1 |      22 |       8 |  26.7
       D:14 |    4052 |       0 |   0.0 |      10 |       0 |   0.0
       D:15 |    8118 |    8561 |  51.3 |      25 |      28 |  52.8
     Lair:1 |    3605 |    1401 |  28.0 |      14 |       3 |  17.6
     Lair:2 |    2136 |     358 |  14.4 |      11 |       1 |   8.3
     Lair:3 |   12545 |    4911 |  28.1 |      37 |      12 |  24.5
     Lair:4 |    3771 |    2930 |  43.7 |      14 |       8 |  36.4
     Lair:5 |    4103 |    4113 |  50.1 |      20 |      13 |  39.4
     Lair:6 |   10680 |   19157 |  64.2 |      33 |      88 |  72.7
    Swamp:1 |   19821 |       0 |   0.0 |      45 |       0 |   0.0
    Swamp:2 |   19427 |       0 |   0.0 |      34 |       0 |   0.0
    Swamp:3 |    6307 |    5506 |  46.6 |      16 |       1 |   5.9
    Swamp:4 |    9252 |   20008 |  68.4 |      27 |      32 |  54.2
    Snake:1 |   20842 |       0 |   0.0 |      43 |       0 |   0.0
    Snake:2 |   23342 |    3352 |  12.6 |      44 |       2 |   4.3
    Snake:3 |   22047 |    1663 |   7.0 |      35 |       3 |   7.9
    Snake:4 |   14187 |   40387 |  74.0 |      25 |      49 |  66.2
    Slime:1 |    3635 |       0 |   0.0 |       9 |       0 |   0.0
    Slime:2 |   20689 |       0 |   0.0 |      30 |       0 |   0.0
    Slime:3 |    9790 |   14882 |  60.3 |      18 |       1 |   5.3
    Slime:4 |   20485 |       0 |   0.0 |      29 |       0 |   0.0
    Slime:5 |   14939 |   33009 |  68.8 |      30 |      11 |  26.8
      Orc:1 |    2411 |    4966 |  67.3 |      36 |       9 |  20.0
      Orc:2 |    3698 |   11694 |  76.0 |      13 |      36 |  73.5
      Elf:1 |   19914 |   13182 |  39.8 |      36 |      20 |  35.7
      Elf:2 |   12075 |   45370 |  79.0 |      18 |      57 |  76.0
      Elf:3 |   25832 |   36920 |  58.8 |      37 |      24 |  39.3
   Vaults:1 |   25268 |   28353 |  52.9 |      54 |      35 |  39.3
   Vaults:2 |   30510 |   43647 |  58.9 |      56 |      59 |  51.3
   Vaults:3 |   11443 |   23236 |  67.0 |      32 |      37 |  53.6
   Vaults:4 |   47560 |   39170 |  45.2 |      77 |      36 |  31.9
   Vaults:5 |   28942 |  153054 |  84.1 |      56 |      95 |  62.9
   Depths:1 |   49564 |    7788 |  13.6 |      64 |       9 |  12.3
   Depths:2 |   57178 |   43379 |  43.1 |      82 |      29 |  26.1
   Depths:3 |   28636 |   76689 |  72.8 |      40 |      82 |  67.2
   Depths:4 |   31879 |   26287 |  45.2 |      35 |      34 |  49.3
   Depths:5 |   39187 |   27281 |  41.0 |      38 |      19 |  33.3
      Zot:1 |   26203 |       0 |   0.0 |      18 |       0 |   0.0
      Zot:2 |   31326 |       0 |   0.0 |      14 |       0 |   0.0
      Zot:3 |   33264 |   15529 |  31.8 |      20 |       5 |  20.0
      Zot:4 |   42361 |   23135 |  35.3 |      26 |      10 |  27.8
      Zot:5 |   95020 |  172520 |  64.5 |      50 |      43 |  46.2
    Abyss:2 |    1380 |     223 |  13.9 |       5 |       7 |  58.3
    Abyss:3 |  185129 |   17135 |   8.5 |     364 |      27 |   6.9
      Zig:1 |     755 |       0 |   0.0 |       3 |       0 |   0.0
      Zig:2 |     734 |       0 |   0.0 |       6 |       0 |   0.0
      Zig:3 |    2587 |       0 |   0.0 |       4 |       0 |   0.0
      Zig:4 |    5622 |       0 |   0.0 |       4 |       0 |   0.0
      Zig:5 |    3797 |       0 |   0.0 |       7 |       0 |   0.0
      Zig:6 |    5181 |       0 |   0.0 |       9 |       0 |   0.0
      Zig:7 |    8312 |       0 |   0.0 |       8 |       0 |   0.0
      Zig:8 |    2346 |       0 |   0.0 |       1 |       0 |   0.0
   Gauntlet |       0 |    5787 | 100.0 |       0 |      16 | 100.0
            +---------+---------+-------+---------+---------+-------
